 Dungeon Crawl Stone Soup version 0.27.1-34-g3ba077fa99 (webtiles) character file.

Game seed: 18188836410236340954

3619 Amplified the Vexing (level 10, -2/76 HPs)
             Began as a Gnoll Arcane Marksman on Jan 4, 2022.
             Was a Believer of Sif Muna.
             Killed from afar by an orc wizard (5 damage)
             ... with a puff of flame
             ... on level 7 of the Dungeon.
             The game lasted 00:21:34 (12335 turns).

Amplified the Vexing (Gnoll Arcane Marksman)       Turns: 12335, Time: 00:21:35

Health: -2/76      AC:  7    Str: 13    XL:     10   Next: 11%
Magic:  17/18      EV: 14    Int: 13    God:    Sif Muna [**....]
Gold:   437        SH:  5    Dex: 12    Spells: 5/20 levels left

rFire    + . .     SeeInvis .   l - +0 broad axe (protect)
rCold    . . .     Faith    .   (no shield)
rNeg     . . .     Spirit   .   c - +2 leather armour {rF+}
rPois    .         Reflect  +   (no helmet)
rElec    .         Harm     .   (no cloak)
rCorr    .         Rampage  .   f - +2 pair of gloves
Will     .....                  (no boots)
Stlth    +++.......             w - amulet of reflection
HPRegen  0.22/turn              (no ring)
MPRegen  0.16/turn              (no ring)

@: hasted, very quick
A: fangs 1, strong nose, distributed training, deformed body, mutation
resistance 1
a: Renounce Religion, Channel Magic


You were on level 7 of the Dungeon.
You worshipped Sif Muna.
Sif Muna was pleased with you.
You visited 1 branch of the dungeon, and saw 9 of its levels.

You collected 437 gold pieces.

Inventory:

Hand Weapons
 d - a +0 falchion
 h - a +0 dagger of flaming
 l - a +0 broad axe of protection (weapon)
Missiles
 b - 11 javelins
 e - 46 poisoned darts
 s - 4 curare-tipped darts (quivered)
 v - 2 atropa-tipped darts
 x - 3 silver javelins
Armour
 c - a +2 leather armour of fire resistance (worn)
 f - a +2 pair of gloves (worn)
Jewellery
 w - an amulet of reflection (around neck)
 y - an amulet of guardian spirit
 z - a ring of protection from fire
 B - a ring of positive energy
 C - an amulet of regeneration
Wands
 g - a wand of iceblast (3)
 k - a wand of polymorph (15)
 p - a wand of flame (42)
Scrolls
 j - a scroll of magic mapping
 m - 2 scrolls of torment
 n - a scroll of identify
 q - a scroll of fog
Potions
 a - 2 potions of brilliance
 i - 2 potions of mutation


   Skills:
 + Level 5.6 Fighting
 + Level 5.0 Short Blades
 + Level 5.0 Long Blades
 + Level 5.0 Axes
 + Level 5.0 Maces & Flails
 + Level 5.0 Polearms
 + Level 5.0 Staves
 + Level 5.0 Slings
 + Level 5.0 Bows
 + Level 5.0 Crossbows
 + Level 6.8 Throwing
 + Level 5.0 Armour
 + Level 6.8 Dodging
 + Level 5.0 Stealth
 + Level 5.0 Shields
 + Level 5.0 Unarmed Combat
 + Level 5.8 Spellcasting
 + Level 4.1 Conjurations
 + Level 6.9 Hexes
 + Level 4.1 Summonings
 + Level 4.1 Necromancy
 + Level 4.1 Translocations
 + Level 4.1 Transmutations
 + Level 4.1 Fire Magic
 + Level 4.1 Ice Magic
 + Level 4.1 Air Magic
 + Level 4.1 Earth Magic
 + Level 4.1 Poison Magic
 + Level 5.4 Invocations
 + Level 5.0 Evocations


You had 5 spell levels left.
You knew the following spells:

 Your Spells              Type           Power      Damage    Failure   Level
a - Corona                Hex            23%        N/A       1%          1
b - Slow                  Hex            21%        N/A       1%          2
c - Confusing Touch       Hex            21%        N/A       3%          3
d - Portal Projectile     Hex/Tloc       36%        N/A       7%          3
e - Static Discharge      Conj/Air       14%        N/A       6%          2
f - Dispel Undead         Necr           14%        3d10      36%         4

Your spell library contained the following spells:

 Spells                   Type           Power      Damage    Failure   Level
 Inner Flame              Hex/Fire       18%        N/A       7%          3
 Conjure Flame            Conj/Fire      14%        6-21      12%         3
 Gell's Gravitas          Tloc           7%         N/A       12%         3
 Ignite Poison            Fire/Tmut/Pois 14%        N/A       12%         3
 Lesser Beckoning         Tloc           7%         N/A       12%         3
 Teleport Other           Tloc           14%        N/A       12%         3
 Cause Fear               Hex            10%        N/A       12%         4
 Sticky Flame             Conj/Fire      14%        2d4       36%         4
 Yara's Violent Unravell  Hex/Tmut       9%         3d6       52%         5


Dungeon Overview and Level Annotations

Branches:
Dungeon (9/15)             Temple (0/1) D:4
   Lair: D:8-11         Orc: D:9-12

Altars:
Ashenzari
Dithmenos
Okawaru
Qazlal
Sif Muna
Vehumet
Yredelemnul
The Shining One

Shops:
D:1 (   D:5 (   D:6 (


Innate Abilities, Weirdness & Mutations

You have very sharp teeth.
Your uncanny sense of smell can sniff out nearby items.
Your experience applies equally to all skills.
Armour fits poorly on your strangely shaped body.
You are somewhat resistant to further mutation.


Message History

Something hits you but does no damage.
Unknown command.
You're too confused to move!
Something hits you.
Unknown command.
You bump into the rock wall.
The killer bee closely misses something.
Something hits you but does no damage.
Unknown command.
You completely miss something. You bite something.
The killer bee misses something.
You hear some strange, mumbled words.
A magic dart appears from out of thin air!
The magic dart hits you!
* * * LOW HITPOINT WARNING * * *
Unknown command.
Unknown command.
You bump into the rock wall.
The killer bee seems less confused.
Something hits you.
* * * LOW HITPOINT WARNING * * *
Unknown command.
Okay, then.
You bump into the rock wall.
You feel less confused. The killer bee stings you!
* * * LOW HITPOINT WARNING * * *
Something hits you but does no damage. The killer bee stings you.
* * * LOW HITPOINT WARNING * * *
Unknown command.
Unknown command.
Okay, then.
Okay, then.
Unknown command.
Unknown command.
Okay, then.
Okay, then.
You feel yourself speed up. The killer bee misses you.
You hear some strange, mumbled words.
A puff of flame appears from out of thin air!
The puff of flame hits you. You resist.
You die...

#.......#
########.#####.#
...............#
...............#
..<............#
...............#
...............#
...............###
...............y@#
...............{##
................#
................#
###.............#
#.....[....)....#
..#.............#
................#
..#.#..........##


You could see a killer bee.

Vanquished Creatures
  A two-headed ogre (D:8)
  A rime drake (D:7)
  A kobold demonologist (D:8)
  A steam dragon (D:7)
  Menkaure (D:4)
  A water moccasin (D:7)
  An orc warrior (D:7)
  A hornet zombie (D:7)
  An ice beast (D:6)
  2 sky beasts
  An ogre (D:4)
  A necrophage (D:4)
  A centaur (D:6)
  A bullfrog (D:7)
  A gnoll sergeant (D:4)
  A water moccasin zombie (D:6)
  3 scorpions
  2 killer bees (D:8)
  A wight (D:6)
  2 howler monkeys
  A bullfrog zombie (D:6)
  A centaur zombie (D:6)
  5 orc priests
  4 hounds
  A jelly (D:6)
  Ijyb (D:4)
  6 iguanas
  3 orc wizards
  A killer bee zombie (D:8)
  A howler monkey zombie (D:8)
  9 gnolls
  A howler monkey skeleton (D:5)
  5 adders
  A shadow imp (D:6)
  A white imp (D:6)
  An ufetubus (D:5)
  4 worms
  2 dart slugs (D:1)
  11 orcs
  6 ball pythons
  9 bats
  6 endoplasms
  2 giant cockroaches (D:4)
  12 goblins
  6 hobgoblins
  3 jackals (D:1)
  9 kobolds
  4 quokkas
  4 frilled lizards
  9 rats
  A spectral orc (D:4)
155 creatures vanquished.

Notes
Turn   | Place    | Note
-------+----------+-------------------------------------------
     0 | D:1      | Amplified the Gnoll Arcane Marksman began the quest for the
                  | Orb.
     0 | D:1      | Reached XP level 1. HP: 17/17 MP: 4/4
   410 | D:1      | Reached XP level 2. HP: 11/23 MP: 5/5
   927 | D:1      | Reached XP level 3. HP: 23/28 MP: 7/7
   995 | D:1      | Found Sachig's Weapon Emporium.
  1037 | D:1      | Reached skill level 1 in Invocations
  1492 | D:1      | Reached skill level 1 in Short Blades
  1492 | D:1      | Reached skill level 1 in Long Blades
  1492 | D:1      | Reached skill level 1 in Axes
  1492 | D:1      | Reached skill level 1 in Maces & Flails
  1492 | D:1      | Reached skill level 1 in Polearms
  1492 | D:1      | Reached skill level 1 in Staves
  1492 | D:1      | Reached skill level 1 in Slings
  1492 | D:1      | Reached skill level 1 in Bows
  1492 | D:1      | Reached skill level 1 in Crossbows
  1492 | D:1      | Reached skill level 1 in Armour
  1492 | D:1      | Reached skill level 1 in Stealth
  1492 | D:1      | Reached skill level 1 in Shields
  1492 | D:1      | Reached skill level 1 in Unarmed Combat
  1492 | D:1      | Reached skill level 1 in Evocations
  1908 | D:2      | Reached XP level 4. HP: 24/34 MP: 8/8
  2126 | D:2      | Found a faded altar of an unknown god.
  2205 | D:2      | Found a shimmering blue altar of Sif Muna.
  2219 | D:2      | Became a worshipper of Sif Muna the Loreminder
  2780 | D:3      | Learned a level 2 spell: Slow
  2850 | D:3      | Reached skill level 1 in Conjurations
  2850 | D:3      | Reached skill level 1 in Summonings
  2850 | D:3      | Reached skill level 1 in Necromancy
  2850 | D:3      | Reached skill level 1 in Translocations
  2850 | D:3      | Reached skill level 1 in Transmutations
  2850 | D:3      | Reached skill level 1 in Fire Magic
  2850 | D:3      | Reached skill level 1 in Ice Magic
  2850 | D:3      | Reached skill level 1 in Air Magic
  2850 | D:3      | Reached skill level 1 in Earth Magic
  2850 | D:3      | Reached skill level 1 in Poison Magic
  3344 | D:2      | Learned a level 3 spell: Confusing Touch
  3686 | D:2      | Reached XP level 5. HP: 40/40 MP: 9/9
  4699 | D:4      | Noticed a phantom
  4711 | D:3      | Gained mutation: You are somewhat resistant to further
                  | mutation. [potion of mutation]
  4711 | D:3      | Gained mutation: Armour fits poorly on your strangely
                  | shaped body. [potion of mutation]
  5080 | D:4      | Reached XP level 6. HP: 22/47 MP: 7/10
  5322 | D:4      | Noticed a necrophage
  5365 | D:4      | Killed a necrophage
  5366 | D:4      | Reached skill level 5 in Throwing
  5366 | D:4      | Reached skill level 5 in Dodging
  5894 | D:4      | Found a basalt altar of Yredelemnul.
  5934 | D:4      | Noticed Ijyb
  5948 | D:4      | Killed Ijyb
  5949 | D:4      | Reached XP level 7. HP: 48/52 MP: 6/12
  6054 | D:4      | Noticed Menkaure
  6085 | D:4      | Found a broken altar of Ashenzari.
  6103 | D:5      | Entered Level 5 of the Dungeon
  6145 | D:5      | Learned a level 3 spell: Portal Projectile
  6234 | D:5      | Reached * piety under Sif Muna
  7053 | D:5      | Found a shadowy altar of Dithmenos.
  7296 | D:5      | Found Helunuyst's Weapon Shoppe.
  7461 | D:4      | Killed Menkaure
  7543 | D:4      | Reached XP level 8. HP: 60/60 MP: 14/14
  7608 | D:4      | Found a staircase to the Ecumenical Temple.
  7879 | D:6      | Found a glowing golden altar of the Shining One.
  8099 | D:6      | Found Nuenoud's Weapon Boutique.
  8489 | D:6      | Learned a level 2 spell: Static Discharge
  9000 | D:6      | Reached ** piety under Sif Muna
  9431 | D:6      | Reached XP level 9. HP: 53/66 MP: 10/16
  9732 | D:6      | Found an iron altar of Okawaru.
 10110 | D:9      | Noticed a troll
 10141 | D:8      | Found a stormy altar of Qazlal.
 10296 | D:9      | Noticed a kobold demonologist
 10301 | D:8      | Noticed a hellwing
 10302 | D:8      | Killed a kobold demonologist
 10303 | D:8      | Reached skill level 5 in Spellcasting
 10688 | D:8      | Found a radiant altar of Vehumet.
 10729 | D:8      | Learned a level 4 spell: Dispel Undead
 10862 | D:8      | Noticed a two-headed ogre
 10875 | D:8      | Killed a two-headed ogre
 10876 | D:8      | Reached skill level 5 in Fighting
 10903 | D:8      | Reached skill level 5 in Invocations
 11220 | D:7      | Found a shimmering blue altar of Sif Muna.
 11285 | D:7      | Noticed Joseph
 11287 | D:7      | Noticed Joseph
 11287 | D:7      | Joseph changed into Joseph the rime drake
 11293 | D:7      | Killed Joseph the rime drake
 11588 | D:7      | Reached XP level 10. HP: 57/74 MP: 13/18
 12192 | D:8      | Reached skill level 5 in Short Blades
 12192 | D:8      | Reached skill level 5 in Long Blades
 12192 | D:8      | Reached skill level 5 in Axes
 12192 | D:8      | Reached skill level 5 in Maces & Flails
 12192 | D:8      | Reached skill level 5 in Polearms
 12192 | D:8      | Reached skill level 5 in Staves
 12192 | D:8      | Reached skill level 5 in Slings
 12192 | D:8      | Reached skill level 5 in Bows
 12192 | D:8      | Reached skill level 5 in Crossbows
 12192 | D:8      | Reached skill level 5 in Armour
 12192 | D:8      | Reached skill level 5 in Stealth
 12192 | D:8      | Reached skill level 5 in Shields
 12192 | D:8      | Reached skill level 5 in Unarmed Combat
 12192 | D:8      | Reached skill level 5 in Evocations
 12334 | D:7      | HP: 3/76 [killer bee (3)]
 12335 | D:7      | Killed from afar by an orc wizard

Illustrated notes

Levels and vault maps discovered:
D:1:      dpeg_arrival_connections, layout_rooms, serial_shops,
          nicolae_shop_waterfront, supply_closet_lemuel
D:2:      layout_basic, basic_altar, ebering_ecumenical_altar_box,
          corexii_hall_statues_s
D:3:      layout_loops_ring
D:4:      layout_cave_pools, lemuel_tele_altar,
          yredelemnul_forgotten_temple_becter, temple_hall, uniq_menkaure,
          uniq_ijyb
D:5:      layout_basic, mainiacjoe_overflow_brackets, serial_shops,
          nicolae_lakefront_shop
D:6:      minmay_recursive_quarters, layout_loops_ring,
          kennysheep_okawaru_gauntlet, overflow_temple_1_default, serial_shops,
          nicolae_shop_crystal, roderic_st_hans_cross, minivault_22,
          skrybe_limestone_x
D:7:      layout_basic, nzn_wu_jian_contemplation, led_sif_pool,
          hangedman_decor_opposing, uniq_joseph
D:8:      layout_gridville, nicolae_overflow_crystal_walls,
          kennysheep_little_box
D:9:      layout_basic, david_orc_1_choice, dk_noncrumbling_4,
          grunt_ministairs_3, kennysheep_flooded_box

Skill      XL: |  1  2  3  4  5  6  7  8  9 10 |
---------------+-------------------------------+-----
Invocations    | 1 2 3 4 5 |  5.4
Short Blades   | 1 2 3 4 5 |  5.0
Long Blades    | 1 2 3 4 5 |  5.0
Axes           | 1 2 3 4 5 |  5.0
Maces & Flails | 1 2 3 4 5 |  5.0
Polearms       | 1 2 3 4 5 |  5.0
Staves         | 1 2 3 4 5 |  5.0
Slings         | 1 2 3 4 5 |  5.0
Bows           | 1 2 3 4 5 |  5.0
Crossbows      | 1 2 3 4 5 |  5.0
Armour         | 1 2 3 4 5 |  5.0
Stealth        | 1 2 3 4 5 |  5.0
Shields        | 1 2 3 4 5 |  5.0
Unarmed Combat | 1 2 3 4 5 |  5.0
Evocations     | 1 2 3 4 5 |  5.0
Spellcasting   | 3 4 5 |  5.8
Conjurations   | 1 2 3 4 |  4.1
Summonings     | 1 2 3 4 |  4.1
Necromancy     | 1 2 3 4 |  4.1
Translocations | 1 2 3 4 |  4.1
Transmutations | 1 2 3 4 |  4.1
Fire Magic     | 1 2 3 4 |  4.1
Ice Magic      | 1 2 3 4 |  4.1
Air Magic      | 1 2 3 4 |  4.1
Earth Magic    | 1 2 3 4 |  4.1
Poison Magic   | 1 2 3 4 |  4.1
Fighting       | 3 4 5 |  5.6
Throwing       | 5 6 |  6.8
Dodging        | 5 6 |  6.8
Hexes          | 6 |  6.9

Action                   |  1- 3 |  4- 6 |  7- 9 | 10-12 || total
-------------------------+-------+-------+-------+-------++-------
Melee: Falchion          |    91 |       |       |       ||    91
       Bite              |    15 |    27 |    47 |     9 ||    98
       Dagger            |    24 |   277 |   288 |       ||   589
       Punch             |       |       |     2 |     2 ||     4
       Broad axe         |       |       |   108 |    53 ||   161
Throw: Dart              |     8 |    18 |     5 |       ||    31
       Throwing net      |     4 |     2 |       |       ||     6
       Javelin           |     1 |     4 |    19 |       ||    24
 Cast: Confusing Touch   |       |    15 |    40 |    10 ||    65
       Portal Projectile |       |       |     6 |       ||     6
Evoke: Wand              |       |       |    34 |     2 ||    36
  Use: Potion            |     1 |     8 |     9 |     1 ||    19
       Scroll            |     1 |     4 |     6 |     2 ||    13
 Stab: Sleeping          |     3 |     1 |     1 |       ||     5
       Held in net/web   |     1 |     2 |       |       ||     3
       Confused          |       |     5 |    32 |     6 ||    43
Armor: Robe              |    19 |       |       |       ||    19
       Ring mail         |       |    82 |   124 |       ||   206
       Skin              |       |     5 |    12 |       ||    17
       Leather armour    |       |       |     6 |    32 ||    38
Dodge: Dodged            |    75 |   129 |   197 |    43 ||   444
Block: Other             |       |       |    45 |    14 ||    59
       Reflection        |       |       |     2 |       ||     2
       Rpst.: Falchion   |    21 |       |       |       ||    21
